[Event "Late-Titled-Tuesday-Blitz-February-27-2024"]
[Site "Chess.com"]
[Date "2024.02.27"]
[Round "1"]
[White "xasid81"]
[Black "rikchessmx"]
[Result "1-0"]
[WhiteElo "2581"]
[BlackElo "2216"]
[TimeControl "180+1"]
[EndTime "14:04:51 PST"]
[Termination "xasid81 won by resignation"]

1. e4 e5 2. Nf3 Nc6 3. Bb5 a6 4. Bxc6 dxc6 5. d3 f6 6. Nc3 Bc5 7. Be3 Qe7 8. Bxc5 Qxc5 9. d4 exd4 10. Qxd4 Qxd4 11. Nxd4 Bd7 12. O-O-O O-O-O 13. f3 Ne7 14. Rhe1 Ng6 15. Nde2 Nh4 16. Rg1 Be6 17. Rxd8+ Rxd8 18. b3 g5 19. Nd1 f5 20. exf5 Bxf5 21. Ng3 Bg6 22.
Ne3 Re8 23. Kd2 Rd8+ 24. Ke2 Re8 25. Kf2 h5 26. Rd1 b5 27. c4 a5 28. Ne2 Nf5 29. Nxf5 Bxf5 30. Nd4 Rd8 31. c5 Rd5 32. Ke3 Bd7 33. Rc1 Kb7 34. a3 Ka6 35. b4 a4 36.
g3 Re5+ 37. Kf2 Rd5 38. Rd1 Bf5 39. Rd2 g4 40. f4 Be4 41. Ke3 Bf3 42. Nxf3 gxf3 43.
Rxd5 cxd5 44. f5 d4+ 45. Kxf3 Kb7 46. f6 Kc6 47. f7 Kd5 48. f8=Q Kc4 49. Qf7+ Kc3 50.
Qxc7 d3 51. Qd6 Kc2 52. Ke3 1-0

[Event "Late-Titled-Tuesday-Blitz-February-27-2024"]
[Site "Chess.com"]
[Date "2024.02.27"]
[Round "1"]
[White "ckgchess"]
[Black "michaelk123"]
[Result "1-0"]
[WhiteElo "2884"]
[BlackElo "2480"]
[TimeControl "180+1"]
[EndTime "14:04:57 PST"]
[Termination "ckgchess won by resignation"]

1. e4 c6 2. d4 d5 3. e5 Bf5 4. h4 h5 5. c4 e6 6. Nc3 Bb4 7. Bd3 Ne7 8. Bg5 Bxd3 9. Qxd3 Nd7 10. cxd5 cxd5 11. Ne2 a6 12. Rc1 Rc8 13. O-O Bxc3 14.
Rxc3 Rxc3 15. Qxc3 f6 16. exf6 gxf6 17. Be3 Kf7 18.
Rc1 Nc6 19. Nf4 Nb6 20. b3 Nc8 21. Qd3 Nd6 22. Qg6+ Ke7 23. Qg7+ 1-0

[Event "Late-Titled-Tuesday-Blitz-February-27-2024"]
[Site "Chess.com"]
[Date "2024.02.27"]
[Round "1"]
[White "yuriydovzik"]
[Black "Casper"]
[Result "0-1"]
[WhiteElo "2116"]
[BlackElo "2543"]
[TimeControl "180+1"]
[EndTime "14:05:06 PST"]
[Termination "Casper won on time"]

1. Nf3 Na6 2. e4 Nc5 3. Nc3 g6 4. d4 Ne6 5. Be3 Bh6 6. Bxh6 Nxh6 7. Qd2 Ng4 8. h3 Nf6 9. e5 Ng8 10. d5 Ng7 11. O-O-O a6 12. g4 h5 13. Bg2 d6 14.
Qf4 Nh6 15. e6 fxe6 16. Qg5 e5 17. Qxg6+ Kf8 18. Nh4 e6 19. g5 Nf7 20. f4 exf4 21. dxe6 Nxe6 22. Ne4 Nexg5 0-1

[Event "Late-Titled-Tuesday-Blitz-February-27-2024"]
[Site "Chess.com"]
[Date "2024.02.27"]
[Round "1"]
[White "xakevicius91"]
[Black "2L8IWUN"]
[Result "1-0"]
[WhiteElo "2561"]
[BlackElo "2155"]
[TimeControl "180+1"]
[EndTime "14:05:08 PST"]
[Termination "xakevicius91 won by resignation"]

1. e4 e5 2. Nf3 Nc6 3. d4 exd4 4. Nxd4 Nf6 5. Nxc6 bxc6 6. Qe2 Be7 7. e5 Nd5 8. Qg4 g6 9. Qg3 d6 10. c4 Nb6 11.
Nc3 Be6 12. Qf3 Qd7 13. c5 Nd5 14. Be2 O-O 15. exd6 cxd6 16. cxd6 Bxd6 17. O-O Rfe8 18. h3 Rab8 19. Ne4 Be7 20. Bf4 Rxb2 21. Be5 f5 22. Bxb2 fxe4 23. Qxe4 Bf5 24. Qc4 Bg5 25. Bf3 1-0

[Event "Late-Titled-Tuesday-Blitz-February-27-2024"]
[Site "Chess.com"]
[Date "2024.02.27"]
[Round "1"]
[White "lilylg"]
[Black "Tunahan_Makaraci"]
[Result "0-1"]
[WhiteElo "2144"]
[BlackElo "2551"]
[TimeControl "180+1"]
[EndTime "14:05:08 PST"]
[Termination "Tunahan_Makaraci won on time"]

1. d4 d5 2. c4 e6 3. Nf3 c5 4. cxd5 exd5 5. g3 Nc6 6. Bg2 Nf6 7. O-O cxd4 8. Nxd4 Bc5 9. Nb3 Bb6 10. Nc3 d4 11.
Ne4 Nxe4 12. Bxe4 O-O 13. Bf4 Re8 14. Bg2 Bg4 15. Re1 d3 16. Bf3 Bxf3 17. exf3 Qd5 18. Be3 Nb4 19. Bxb6 Rxe1+ 20. Qxe1 Nc2 21. Qd2 Nxa1 22.
Nxa1 axb6 23. a3 Qa2 0-1

[Event "Late-Titled-Tuesday-Blitz-February-27-2024"]
[Site "Chess.com"]
[Date "2024.02.27"]
[Round "1"]
[White "jk13"]
[Black "Bkmzzzzz"]
[Result "1-0"]
[WhiteElo "2694"]
[BlackElo "2394"]
[TimeControl "180+1"]
[EndTime "14:05:14 PST"]
[Termination "jk13 won by resignation"]

1. e4 d6 2. d4 Nf6 3. Nc3 e5 4. Nf3 Nbd7 5. Bc4 Be7 6. O-O O-O 7. Re1 c6 8. a4 b6 9. d5 cxd5 10. Nxd5 Nxd5 11. Bxd5 Rb8 12. h3 Kh8 13. c3 Nc5 14. b4 Ne6 15. a5 Nc7 16. axb6 Nxd5 17. bxa7 Ra8 18. Qxd5 Be6 19. Qa5 Qd7 20. Be3 Rfc8 21.
b5 Bd8 22. b6 Qb7 23. Qb4 Rc6 24. Rab1 h6 25. Red1 Kh7 26. Qb5 Be7 27. Qxc6 Qxc6 28.
b7 Qxe4 29. bxa8=Q Qxa8 30. Rb8 Qc6 31. a8=Q Qxc3 32.
Rh8+ Kg6 33. Qe4+ Bf5 34. Nh4+ Bxh4 35. Qxh4 Qc2 36. Rxh6+ 1-0

[Event "Late-Titled-Tuesday-Blitz-February-27-2024"]
[Site "Chess.com"]
[Date "2024.02.27"]
[Round "1"]
[White "Pelusiansky"]
[Black "shirovin"]
[Result "1-0"]
[WhiteElo "2541"]
[BlackElo "2068"]
[TimeControl "180+1"]
[EndTime "14:05:14 PST"]
[Termination "Pelusiansky won on time"]

1. d4 Nf6 2. c4 g6 3. Nc3 Bg7 4. e4 d6 5. Nge2 O-O 6. Ng3 c5 7. d5 e6 8. Be2 exd5 9. cxd5 h5 10. Bg5 a6 11. a4 Nbd7 12. Qd2 Qc7 13. O-O Rb8 14.
f3 Re8 15. Rfc1 Ne5 16. h3 Nh7 17. Be3 h4 18. Nh1 c4 19. Nf2 b5 20. axb5 axb5 21. b4 Nd7 22. Ra7 Qd8 23. Ra5 Ndf8 24. Nxb5 g5 25. Bd4 Ng6 26. Bxg7 Kxg7 27. Nd4 Bd7 28. Rxc4 Nf4 29. Ra7 Re7 30. Rcc7 Rc8 31. Nc6 Qxc7 32.
Rxc7 Rxc7 33. Nxe7 1-0

[Event "Late-Titled-Tuesday-Blitz-February-27-2024"]
[Site "Chess.com"]
[Date "2024.02.27"]
[Round "1"]
[White "EcosseKillie"]
[Black "DishonorOnYourCow"]
[Result "1/2-1/2"]
[WhiteElo "2256"]
[BlackElo "2593"]
[TimeControl "180+1"]
[EndTime "14:05:15 PST"]
[Termination "Game drawn by repetition"]

1. d4 Nf6 2. Bg5 Ne4 3. Bf4 d5 4. e3 g6 5. Bd3 Bg7 6. Bxe4 dxe4 7. Nd2 c5 8. c3 cxd4 9. cxd4 f5 10. Qb3 Qb6 11. Qxb6 axb6 12. Ne2 Be6 13. a3 Nc6 14. Nc3 Bf7 15. O-O e5 16. dxe5 Nxe5 17. Nb5 O-O 18. Rac1 Nd3 19. Rc7 Nxf4 20. exf4 Bxb2 21. Rb1 Bxa3 22.
Nxa3 Rxa3 23. Rxb6 Ra1+ 24. Nf1 Rd8 25. Rbxb7 Rdd1 26. g3 Rxf1+ 27. Kg2 Be8 28. Rg7+ Kf8 29. Rxh7 Rg1+ 30.
Kh3 Kg8 31. Rhg7+ Kh8 32. Rh7+ Kg8 33. Rhg7+ Kf8 34. Rh7 Kg8 1/2-1/2

[Event "Late-Titled-Tuesday-Blitz-February-27-2024"]
[Site "Chess.com"]
[Date "2024.02.27"]
[Round "1"]
[White "GothamChess"]
[Black "TheAlienParty"]
[Result "1-0"]
[WhiteElo "2679"]
[BlackElo "2384"]
[TimeControl "180+1"]
[EndTime "14:05:18 PST"]
[Termination "GothamChess won by checkmate"]

1. e4 e5 2. Nf3 Nc6 3. c3 d6 4. d4 Bg4 5. d5 Nce7 6. h3 Bd7 7.
c4 g6 8. Nc3 Bg7 9. g4 h6 10.
Be3 Nf6 11. c5 a5 12. Qd2 g5 13.
Qc2 Ng6 14. cxd6 cxd6 15. Nb5 Bxb5 16. Bxb5+ Kf8 17. Rc1 Kg8 18. Kf1 Nf4 19. Bxf4 gxf4 20. Rg1 Kh7 21. g5 Nd7 22. Qc7 Nc5 23. Qxf7 Rf8 24.
Qh5 Nxe4 25. Bd3 Qe8 26. Bxe4+ Kg8 27. Qxe8 Rfxe8 28. gxh6 Re7 29. Rxg7+ Rxg7 30. hxg7 Kxg7 31. Rc7+ Kf6 32. Rd7 Rc8 33. Rxd6+ Ke7 34. Re6+ Kd7 35. Nxe5+ Kd8 36. d6 Rc5 37. Bg6 Rd5 38. Re8# 1-0

[Event "Late-Titled-Tuesday-Blitz-February-27-2024"]
[Site "Chess.com"]
[Date "2024.02.27"]
[Round "1"]
[White "Mikhail_Golubev"]
[Black "rhwr"]
[Result "1-0"]
[WhiteElo "2629"]
[BlackElo "2320"]
[TimeControl "180+1"]
[EndTime "14:05:23 PST"]
[Termination "Mikhail_Golubev won by resignation"]

1. e4 c5 2. Nf3 d6 3. d4 cxd4 4. Nxd4 Nf6 5. Nc3 a6 6. Bc4 e6 7.
O-O Be7 8. Bb3 Qc7 9. f4 b5 10.
f5 e5 11. Nde2 Bb7 12. Bg5 Nbd7 13. Bxf6 Nxf6 14. Kh1 O-O 15. Ng3 b4 16. Nd5 Bxd5 17. Bxd5 Nxd5 18. exd5 Rac8 19. Qg4 Qc4 20. Ne4 h5 21.
Qf3 g6 22. f6 Bxf6 23. Nxf6+ Kg7 24. Nd7 f5 25. Nxf8 1-0

[Event "Late-Titled-Tuesday-Blitz-February-27-2024"]
[Site "Chess.com"]
[Date "2024.02.27"]
[Round "1"]
[White "secretsuperstar7"]
[Black "Hikaru"]
[Result "0-1"]
[WhiteElo "2529"]
[BlackElo "3230"]
[TimeControl "180+1"]
[EndTime "14:05:24 PST"]
[Termination "Hikaru won by resignation"]

1. c4 e5 2. Nc3 Nf6 3. g3 d5 4. cxd5 Nxd5 5. Bg2 Nf6 6. d3 Nc6 7. Nf3 h6 8. O-O Bd6 9. b3 O-O 10. Bb2 Re8 11. a3 Bg4 12. b4 Qd7 13. Re1 Bh3 14.
Bh1 Rad8 15. Rc1 Nd4 16. Nxd4 exd4 17. Ne4 Nxe4 18. dxe4 Be5 19. Qd3 g5 20. Red1 c6 21. Rc5 Bg7 22. Rc4 Qe6 23. Rc5 b6 24. Rcc1 Rd6 25.
Qc4 Qxc4 26. Rxc4 d3 27. Bxg7 dxe2 28. Re1 Rd1 29. Rc1 Rxc1 30. Rxc1 Rd8 31. Re1 Kxg7 32. Bg2 Rd1 0-1

[Event "Late-Titled-Tuesday-Blitz-February-27-2024"]
[Site "Chess.com"]
[Date "2024.02.27"]
[Round "1"]
[White "Narek_Ghimoyan"]
[Black "secretworker2027"]
[Result "1-0"]
[WhiteElo "2387"]
[BlackElo "2647"]
[TimeControl "180+1"]
[EndTime "14:05:31 PST"]
[Termination "Narek_Ghimoyan won by resignation"]

1. d4 Nf6 2. c4 c5 3. Nf3 cxd4 4. Nxd4 e5 5. Nb5 d5 6. cxd5 Bc5 7. e3 O-O 8. N5c3 a6 9. a4 Nbd7 10. Na3 Nb6 11.
Nc4 Nbxd5 12. Nxd5 Nxd5 13. Bd3 Nb4 14. Bb1 Qxd1+ 15.
Kxd1 f6 16. Bd2 Be6 17. Na5 b6 18. Bxb4 Bxb4 19. Nc6 Bd6 20. Ke2 Rac8 21. Rc1 Bd5 22. Ba2 Bxa2 23. Rxa2 Bc5 24. Rxc5 bxc5 25. Ne7+ Kf7 26.
Nxc8 Rxc8 27. Kd3 Rd8+ 28. Kc3 Ke6 29. b3 Rd1 30. Rc2 Kd5 31. Rd2+ Rxd2 32. Kxd2 c4 33.
b4 f5 34. Kc3 g5 35. f3 h5 36.
g3 g4 37. f4 e4 38. a5 Kd6 39. Kxc4 Kc6 40. b5+ axb5+ 41. Kb4 Kb7 42. Kxb5 1-0

[Event "Late-Titled-Tuesday-Blitz-February-27-2024"]
[Site "Chess.com"]
[Date "2024.02.27"]
[Round "1"]
[White "Polish_fighter3000"]
[Black "Caracal3000"]
[Result "1-0"]
[WhiteElo "3087"]
[BlackElo "2522"]
[TimeControl "180+1"]
[EndTime "14:05:32 PST"]
[Termination "Polish_fighter3000 won by resignation"]

1. b4 e5 2. Bb2 d6 3. c4 g6 4. d4 Bg7 5. e3 exd4 6. Bxd4 Bxd4 7. Qxd4 Qf6 8. Nf3 c5 9. bxc5 dxc5 10. Qxc5 Nc6 11.
Nd4 Bd7 12. Nc3 b6 13. Qd5 Nge7 14. Qe4 O-O 15. Rd1 Rfe8 16. Be2 Nf5 17. Qf3 Ne5 18. Qf4 g5 19. Ne4 Qg6 20. Qxg5 Nxd4 21. Nf6+ Kh8 22. Qxg6 fxg6 23. exd4 Re6 24. dxe5 1-0

[Event "Late-Titled-Tuesday-Blitz-February-27-2024"]
[Site "Chess.com"]
[Date "2024.02.27"]
[Round "1"]
[White "robertoalejandro10"]
[Black "trriinu"]
[Result "1-0"]
[WhiteElo "2602"]
[BlackElo "2252"]
[TimeControl "180+1"]
[EndTime "14:05:32 PST"]
[Termination "robertoalejandro10 won by resignation"]

1. Nf3 g6 2. c4 Bg7 3. g3 d6 4.
Bg2 Nf6 5. O-O O-O 6. Nc3 Nbd7 7. b3 e5 8. Bb2 a5 9. d4 exd4 10. Qxd4 Nc5 11. Nd5 Nh5 12. Qd2 Ne4 13. Qc1 c6 14. Bxg7 Nxg7 15. Nc3 Nxc3 16. Qxc3 Qe7 17. e3 Ne6 18.
Rfd1 Nc5 19. Rd4 Bf5 20. Rad1 Ne4 21. Qb2 c5 22. Rd5 Be6 23. R5d3 f5 24. Nd2 Nxd2 25. Qxd2 Qf6 26. Rxd6 Rfd8 1-0

[Event "Late-Titled-Tuesday-Blitz-February-27-2024"]
[Site "Chess.com"]
[Date "2024.02.27"]
[Round "1"]
[White "colegiodemadrid"]
[Black "TenisMaster"]
[Result "1/2-1/2"]
[WhiteElo "2510"]
[BlackElo "2935"]
[TimeControl "180+1"]
[EndTime "14:05:33 PST"]
[Termination "Game drawn by repetition"]

1. e4 d5 2. exd5 Qxd5 3. Nc3 Qa5 4. Bc4 Nf6 5. d3 Bg4 6. f3 Bd7 7. Bd2 Qb6 8. Bb3 e6 9. Qe2 Be7 10. g4 Nc6 11. g5 Nd4 12. Qg2 Nh5 13. Qg4 g6 14. O-O-O a5 15. Bc4 Qc5 16. Be3 Nb3+ 17. axb3 Qxe3+ 18. Kb1 Qxg5 19. Qxg5 Bxg5 20. Nge2 Be7 21. d4 c6 22. Ng3 Nf4 23. Nce2 Nd5 24. Bxd5 cxd5 25. h4 h5 26. f4 a4 27. bxa4 Rxa4 28.
c3 Ra6 29. Kc2 Ba4+ 30. b3 Bb5 31. Ra1 Kd7 32. Rxa6 Bxa6 33. Nc1 Bd6 34. Nge2 Ra8 35. Nd3 Bxd3+ 36. Kxd3 b5 37. b4 Ra2 38. Rd1 Be7 39. Rh1 Bd6 40. Ke3 Kc6 41. Kd3 Kd7 1/2-1/2

[Event "Late-Titled-Tuesday-Blitz-February-27-2024"]
[Site "Chess.com"]
[Date "2024.02.27"]
[Round "1"]
[White "ncofre98"]
[Black "Seochesspie"]
[Result "0-1"]
[WhiteElo "2486"]
[BlackElo "2904"]
[TimeControl "180+1"]
[EndTime "14:05:33 PST"]
[Termination "Seochesspie won by checkmate"]

1. c4 Nf6 2. g3 e6 3. Bg2 d5 4.
Nf3 d4 5. O-O c5 6. e3 Nc6 7.
exd4 cxd4 8. Re1 Bd6 9. d3 h6 10. Na3 O-O 11. Nc2 a5 12. b3 e5 13. a3 Bf5 14.
Rb1 Re8 15. b4 axb4 16. axb4 Rc8 17. b5 Ne7 18. Nb4 Ng6 19. Qb3 Qd7 20. Ba3 Bc5 21. Nd2 h5 22. Nd5 Nxd5 23. Bxd5 Bxa3 24. Qxa3 h4 25. Ne4 hxg3 26. hxg3 Bxe4 27. Bxe4 Nf8 28. c5 Qe7 29. Rbc1 Ne6 30. Bf5 Rxc5 31. Bxe6 Rxc1 32. Bxf7+ Qxf7 33. Qxc1 Qd5 34. b6 e4 35. dxe4 Rxe4 36.
Qc8+ Kh7 37. Rd1 d3 38. Qh3+ Kg8 39. Qc8+ Kh7 40. Qh3+ Kg6 41. g4 Rd4 42. Rd2 Qe5 43. Kf1 Qd5 44. Qe3 Qh1# 0-1

[Event "Late-Titled-Tuesday-Blitz-February-27-2024"]
[Site "Chess.com"]
[Date "2024.02.27"]
[Round "1"]
[White "Flaccidmoves"]
[Black "js20000"]
[Result "0-1"]
[WhiteElo "2464"]
[BlackElo "2828"]
[TimeControl "180+1"]
[EndTime "14:05:33 PST"]
[Termination "js20000 won on time"]

1. d4 e6 2. c4 b6 3. e4 Bb4+ 4. Bd2 Bxd2+ 5. Qxd2 d5 6. cxd5 exd5 7. e5 Ne7 8. Nc3 c5 9. Nf3 Bg4 10. Be2 Nbc6 11. dxc5 bxc5 12. O-O O-O 13. Rfd1 d4 14. Ne4 Bxf3 15. Bxf3 Nxe5 16. Nxc5 Nxf3+ 17. gxf3 Nf5 18. Qf4 Qd5 19. Rac1 Rfe8 20. Ne4 Rac8 21. b4 h6 22. a4 d3 23. b5 Nd4 24. Rxc8 Ne2+ 25. Kf1 Nxf4 26.
Rxe8+ Kh7 27. Rf8 Qh5 28. Ke1 Qxf3 29. Nc3 d2+ 30. Rxd2 Qxc3 31. Kd1 Qb3+ 32. Ke1 Qb1+ 33. Rd1 Qb4+ 34. Kf1 Qxf8 0-1

[Event "Late-Titled-Tuesday-Blitz-February-27-2024"]
[Site "Chess.com"]
[Date "2024.02.27"]
[Round "1"]
[White "LyonBeast"]
[Black "Baronessa08"]
[Result "1-0"]
[WhiteElo "3129"]
[BlackElo "2525"]
[TimeControl "180+1"]
[EndTime "14:05:36 PST"]
[Termination "LyonBeast won by resignation"]

1. Nf3 d5 2. g3 c6 3. Bg2 Nf6 4. b3 g6 5. Bb2 Bg7 6. O-O O-O 7.
c4 a5 8. cxd5 cxd5 9. Nc3 Nc6 10. Nb5 Bg4 11. Rc1 Bxf3 12. Bxf3 Qd7 13. a4 h5 14. d3 Rfc8 15. Qd2 h4 16. Kg2 h3+ 17. Kg1 Ne8 18. Bxg7 Kxg7 19. Rc5 Nb4 20. Rfc1 Rxc5 21. Rxc5 b6 22. Rc1 Rc8 23. Kf1 e5 24. Rxc8 Qxc8 25.
Qc3 Qe6 26. e3 g5 27. Be2 Nf6 28. Ke1 Nd7 29. Nc7 Qd6 30. Ne8+ 1-0

[Event "Late-Titled-Tuesday-Blitz-February-27-2024"]
[Site "Chess.com"]
[Date "2024.02.27"]
[Round "1"]
[White "chessisveryfun1264"]
[Black "Caisachess"]
[Result "1-0"]
[WhiteElo "2639"]
[BlackElo "2342"]
[TimeControl "180+1"]
[EndTime "14:05:36 PST"]
[Termination "chessisveryfun1264 won by checkmate"]

1. e4 e5 2. Nf3 Nc6 3. Bd3 Nf6 4. c3 Bc5 5. Bc2 d6 6. d4 Bb6 7. O-O O-O 8. Bg5 Bg4 9. d5 Nb8 10. h3 Bh5 11. Nbd2 Nbd7 12. Qe1 Qc8 13. Be3 Re8 14. Nh4 Bg6 15. Nxg6 hxg6 16. Bg5 Nh5 17. Nc4 Nf4 18. Nxb6 axb6 19. Qe3 Nh5 20. Qf3 Nhf6 21. a4 Nf8 22. Bxf6 gxf6 23. Qxf6 Qd7 24. Rae1 Nh7 25. Qh4 Kg7 26. f4 exf4 27. Rxf4 Qe7 28. Qf2 Rf8 29. Rf1 f6 30. Rf3 Ng5 31. Rg3 Nxe4 32.
Rxg6+ Kxg6 33. Qf5+ Kg7 34. Bxe4 Kf7 35. Qg6# 1-0

[Event "Late-Titled-Tuesday-Blitz-February-27-2024"]
[Site "Chess.com"]
[Date "2024.02.27"]
[Round "1"]
[White "epiclord678"]
[Black "chess94cu"]
[Result "0-1"]
[WhiteElo "2395"]
[BlackElo "2698"]
[TimeControl "180+1"]
[EndTime "14:05:39 PST"]
[Termination "chess94cu won by resignation"]

1. e4 c6 2. d4 d5 3. exd5 cxd5 4. c4 Nf6 5. Nc3 e6 6. Nf3 Bb4 7. cxd5 Nxd5 8. Qc2 Nc6 9. Bd3 h6 10. O-O Ba5 11. a3 O-O 12. Ne4 Bb6 13. Nc5 Nf6 14. Be3 Nd5 15. Bd2 Rb8 16. Rad1 Bd7 17. Rfe1 Qc7 18.
Nxd7 Qxd7 19. Bc1 Rbc8 20. Qe2 Rfd8 21. Bb1 Nf6 22. Ne5 Nxd4 23. Qd3 Qd5 24. Qg3 Ne2+ 0-1

[Event "Late-Titled-Tuesday-Blitz-February-27-2024"]
[Site "Chess.com"]
[Date "2024.02.27"]
[Round "1"]
[White "emeli_chess"]
[Black "Karacsonyi_Gellert"]
[Result "0-1"]
[WhiteElo "2440"]
[BlackElo "2775"]
[TimeControl "180+1"]
[EndTime "14:05:40 PST"]
[Termination "Karacsonyi_Gellert won on time"]

1. d4 Nf6 2. c4 e6 3. Nc3 Bb4 4. Qc2 O-O 5. e4 d5 6. e5 Ne4 7. Bd3 c5 8. Nf3 Nc6 9. O-O Bxc3 10.
bxc3 cxd4 11. Bxe4 dxe4 12. Qxe4 dxc3 13. Ng5 g6 14.
Qh4 h5 15. Qg3 Qd4 16. Re1 c2 17. Be3 Qg4 18. Qxg4 hxg4 19. Rac1 Rd8 20. Rxc2 Nxe5 21. Ne4 f5 22. Bg5 Rd4 23. Bf6 Rxc4 24. Rxc4 Nxc4 25.
Ng5 Bd7 26. Rd1 Nb6 27. Rd6 Rc8 28. h4 Rc6 29. Rxc6 bxc6 30. Be5 c5 31. f3 c4 32. fxg4 fxg4 33. Ne4 Bc6 34. Nc3 Nd5 35. g3 Kf7 36. Kf2 Nb4 37. Ke3 Nd3 38. Bh8 e5 0-1

[Event "Late-Titled-Tuesday-Blitz-February-27-2024"]
[Site "Chess.com"]
[Date "2024.02.27"]
[Round "1"]
[White "andrzej"]
[Black "Bigfish1995"]
[Result "0-1"]
[WhiteElo "2528"]
[BlackElo "3164"]
[TimeControl "180+1"]
[EndTime "14:05:44 PST"]
[Termination "Bigfish1995 won by checkmate"]

1. e4 c6 2. d4 d5 3. e5 Bf5 4. h4 h6 5. g4 Be4 6. f3 Bh7 7. Bd3 Bxd3 8. Qxd3 e6 9. h5 c5 10. c3 cxd4 11. cxd4 Nc6 12. Ne2 Rc8 13. Nbc3 Bb4 14. Be3 Nge7 15. f4 Qa5 16. O-O Qa6 17. Qd2 Na5 18. b3 g6 19. hxg6 fxg6 20. Rac1 h5 21.
gxh5 gxh5 22. Kf2 h4 23. Rg1 Kd7 24. Rg7 h3 25. f5 exf5 26. Nf4 Rxc3 27. Rxc3 h2 28.
Rc7+ Kxc7 29. Qxb4 h1=Q 30. Qxe7+ Kb8 31. Qc7+ Ka8 32. Ne6 Qaf1+ 33. Kg3 Rh3# 0-1

[Event "Late-Titled-Tuesday-Blitz-February-27-2024"]
[Site "Chess.com"]
[Date "2024.02.27"]
[Round "1"]
[White "gxbg2000"]
[Black "krucki03"]
[Result "0-1"]
[WhiteElo "1931"]
[BlackElo "2532"]
[TimeControl "180+1"]
[EndTime "14:05:46 PST"]
[Termination "krucki03 won by resignation"]

1. e4 c5 2. Nf3 d6 3. Bb5+ Nc6 4. Bxc6+ bxc6 5. d4 cxd4 6. Qxd4 e5 7. Qe3 Nf6 8. h3 Be7 9. b3 h6 10. Bb2 Be6 11.
Nbd2 Qa5 12. O-O O-O 13. Rfd1 Rfd8 14. c4 Qb6 15. Qxb6 axb6 16. Nh2 Nd7 17. f3 Nc5 18. Bc3 f5 19. exf5 Bxf5 20. Ng4 Bg5 21. Kf1 Bd3+ 22. Kf2 b5 23. cxb5 cxb5 24. Ne3 Rac8 25. Bb4 Na6 26. Ba5 Rf8 27. Rac1 Kf7 28. Nd5 Ke6 29. Nb4 Rxc1 30.
Rxc1 Bxd2 31. Rd1 Bxb4 32. Bxb4 Nxb4 0-1

[Event "Late-Titled-Tuesday-Blitz-February-27-2024"]
[Site "Chess.com"]
[Date "2024.02.27"]
[Round "1"]
[White "venturov"]
[Black "CarlosAlbornoz"]
[Result "0-1"]
[WhiteElo "2443"]
[BlackElo "2775"]
[TimeControl "180+1"]
[EndTime "14:05:47 PST"]
[Termination "CarlosAlbornoz won by resignation"]

1. Nf3 d5 2. g3 g6 3. Bg2 Bg7 4. O-O e5 5. c4 d4 6. d3 Nc6 7. e3 dxe3 8. fxe3 Nge7 9. Nc3 O-O 10. e4 Bg4 11. Nd5 Nd4 12. Bg5 f6 13. Be3 Nxf3+ 14.
Bxf3 Bxf3 15. Rxf3 c6 16. Nxe7+ Qxe7 17. Qd2 Rad8 18.
Rd1 Rd7 19. Bxa7 Ra8 20. Qf2 b5 21. Bc5 Qe6 22. cxb5 cxb5 23. a3 Qb3 24. Rd2 Rad8 25. d4 Qc4 26. d5 Qxe4 27. d6 Qc6 28. b4 f5 29. g4 e4 30. Rg3 Be5 31. gxf5 Bxg3 32.
Qxg3 Rf7 33. fxg6 Rg7 34. Bd4 Rxg6 0-1

[Event "Late-Titled-Tuesday-Blitz-February-27-2024"]
[Site "Chess.com"]
[Date "2024.02.27"]
[Round "1"]
[White "PawnEatingZombie"]
[Black "Mackster23"]
[Result "0-1"]
[WhiteElo "2188"]
[BlackElo "2570"]
[TimeControl "180+1"]
[EndTime "14:05:48 PST"]
[Termination "Mackster23 won by resignation"]

1. e4 c5 2. Nc3 d6 3. f4 g6 4. Nf3 Bg7 5. Bb5+ Bd7 6. a4 Nc6 7. O-O a6 8. Bxc6 Bxc6 9. a5 Bxc3 10. bxc3 Bxe4 11. f5 Bxf5 12. Ng5 Nf6 13. d4 h6 14. Rxf5 gxf5 15. Nh3 e5 16. Qf3 Qd7 17. Ba3 Ne4 18. dxe5 dxe5 19. Rd1 Qe6 20. Nf2 Nxf2 21. Qxf2 O-O 22.
Rd3 Rfd8 23. Rg3+ Kh7 24. h4 f4 25. Rh3 Rd1+ 26. Kh2 Rad8 27. Qxc5 h5 28. Rd3 R8xd3 29. cxd3 Qg6 0-1

[Event "Late-Titled-Tuesday-Blitz-February-27-2024"]
[Site "Chess.com"]
[Date "2024.02.27"]
[Round "1"]
[White "Binary010"]
[Black "kasparicy"]
[Result "0-1"]
[WhiteElo "2823"]
[BlackElo "2504"]
[TimeControl "180+1"]
[EndTime "14:05:49 PST"]
[Termination "kasparicy won by resignation"]

1. d4 d5 2. c4 e6 3. Nf3 c6 4. Nc3 f5 5. Bf4 Nf6 6. e3 Bd6 7. Bd3 O-O 8. O-O Qe7 9. Bxd6 Qxd6 10. Ne5 Nbd7 11. f4 Ne4 12. Qc2 Ndf6 13. c5 Qd8 14. b4 Bd7 15. a4 a6 16. b5 axb5 17. axb5 Nxc3 18. Qxc3 cxb5 19. Rxa8 Qxa8 20. Ra1 Qe8 21. Ra7 Bc6 22. h3 Qh5 23. Qb2 g5 24.
Bxb5 g4 25. Bxc6 gxh3 26. Bb5 h2+ 27. Kh1 Ne4 0-1

[Event "Late-Titled-Tuesday-Blitz-February-27-2024"]
[Site "Chess.com"]
[Date "2024.02.27"]
[Round "1"]
[White "FairChess_on_YouTube"]
[Black "Nouali_Mohamed"]
[Result "1-0"]
[WhiteElo "3109"]
[BlackElo "2524"]
[TimeControl "180+1"]
[EndTime "14:05:51 PST"]
[Termination "FairChess_on_YouTube won by resignation"]

1. c4 Nf6 2. Nc3 g6 3. e4 d6 4.
d4 Bg7 5. h3 O-O 6. Be3 c5 7. Nf3 cxd4 8. Nxd4 Nc6 9. Be2 Nxd4 10. Bxd4 Be6 11. O-O Qa5 12. Rc1 Rfc8 13. b3 a6 14. Bf3 Rab8 15. Re1 b5 16. e5 dxe5 17. Bxe5 Rd8 18. Qe2 Rbc8 19. cxb5 axb5 20. Qxb5 Qa7 21. Qb7 Qa3 22. Rcd1 h5 23. Rxd8+ Rxd8 24. Qb6 Rd2 25. Qe3 Rb2 26. Qc1 Rxa2 27. Nxa2 Qxa2 28.
b4 Bc4 29. Qc3 Bb5 30. Qc5 Qc4 31. Qxe7 1-0

[Event "Late-Titled-Tuesday-Blitz-February-27-2024"]
[Site "Chess.com"]
[Date "2024.02.27"]
[Round "1"]
[White "jcibarra"]
[Black "PositionalPanther"]
[Result "1-0"]
[WhiteElo "2937"]
[BlackElo "2501"]
[TimeControl "180+1"]
[EndTime "14:05:55 PST"]
[Termination "jcibarra won by resignation"]

1. e4 e6 2. d4 d5 3. Nc3 Nf6 4. Bg5 dxe4 5. Nxe4 Be7 6. Bxf6 gxf6 7. Nf3 f5 8. Nc3 a6 9. Qd2 b5 10. O-O-O b4 11.
Na4 Qd5 12. b3 Bd7 13. Bc4 Qa5 14. d5 Bxa4 15. dxe6 fxe6 16. bxa4 Qxa4 17. Ne5 Qa3+ 18. Kb1 Qc3 19. Qxc3 bxc3 20. Bxe6 Bf6 21. Rhe1 Kf8 22.
Nd7+ Nxd7 23. Rxd7 Rb8+ 24. Bb3 Rxb3+ 25. axb3 h5 26. Re6 Rh6 27. Rxc7 Bg5 28. Rxh6 Bxh6 29. Rxc3 Bd2 30. Rc5 Be1 31. Rxf5+ 1-0

[Event "Late-Titled-Tuesday-Blitz-February-27-2024"]
[Site "Chess.com"]
[Date "2024.02.27"]
[Round "1"]
[White "Sokoloco"]
[Black "vidavi"]
[Result "1-0"]
[WhiteElo "2788"]
[BlackElo "2451"]
[TimeControl "180+1"]
[EndTime "14:05:55 PST"]
[Termination "Sokoloco won by resignation"]

1. b3 d5 2. Nf3 c5 3. e3 Nc6 4.
Bb2 f6 5. d4 e6 6. c4 cxd4 7.
exd4 Bb4+ 8. Nc3 Nge7 9. Bd3 O-O 10. O-O Bd7 11. Qc2 g6 12. a3 Ba5 13. b4 Bb6 14. c5 Bc7 15. b5 Na5 16. Rfe1 Rc8 17. a4 Bb8 18. Ba3 Re8 19. Bb4 Nf5 20. Qa2 Kg7 21.
Re2 e5 22. dxe5 Bxe5 23. Nxe5 Rxe5 24. Rxe5 fxe5 25. Qxd5 Qc7 26. Bxa5 Qxa5 27. Qxd7+ Ne7 1-0